 Dungeon Crawl Stone Soup version 0.21.1-1-g345015f (webtiles) character file.

730 letownia2 the Ruffian (level 7, -2/51 HPs)
             Began as a Demonspawn Gladiator on July 14, 2018.
             Was an Initiate of Ru.
             Shot with a sling bullet by Joseph (3 damage)
             ... on level 7 of the Dungeon.
             The game lasted 00:06:02 (1145 turns).

letownia2 the Ruffian (Demonspawn Gladiator)        Turns: 1145, Time: 00:06:03

Health: -2/51      AC: 12    Str: 17    XL:     7   Next: 44%
Magic:  0/7        EV: 20    Int:  9    God:    Ru [......]
Gold:   234        SH:  0    Dex: 14    Spells: 6/6 levels left

rFire    . . .     SeeInvis .     - Unarmed
rCold    . . .     Gourm    .   (shield currently unavailable)
rNeg     + + +     Faith    .   (armour currently unavailable)
rPois    +         Spirit   +   (helmet currently unavailable)
rElec    .         Reflect  .   (cloak currently unavailable)
rCorr    .         Harm     .   (gloves currently unavailable)
MR       .....                  (boots currently unavailable)
Stlth    +.........             (no amulet)
HPRegen  0.17/turn              (no ring)
MPRegen  0.20/turn              (no ring)

@: fungus-form (expiring)
A: tiny, powered by death 1, magic shield, magic regeneration
a: Renounce Religion


You were on level 7 of the Dungeon.
You worshipped Ru.
Ru was noncommittal.
You were hungry.
You were a sentient fungus.
You visited 1 branch of the dungeon, and saw 7 of its levels.

You collected 234 gold pieces.

Inventory:

Hand Weapons
 c - a +0 blowgun
 k - a +2 war axe of flaming
 A - a +2 whip of flaming
Missiles
 r - 2 throwing nets (quivered)
 s - 19 poisoned needles
 y - 6 tomahawks
 z - 17 bolts
Armour
 a - a +0 leather armour
 b - a +0 helmet (melded)
 e - a +0 ring mail (melded)
 o - a +0 pair of boots (melded)
 x - a +0 chain mail
Wands
 n - a wand of polymorph (4)
 t - a wand of iceblast (7)
 B - a wand of clouds (6)
Scrolls
 f - a scroll of enchant armour {unknown}
 g - a scroll of amnesia {unknown}
 h - a scroll of remove curse {unknown}
 i - 6 scrolls of identify {unknown}
 l - 2 scrolls of teleportation {unknown}
 m - a scroll of blinking {unknown}
 q - a scroll of enchant weapon {unknown}
 w - a scroll of fog {unknown}
 D - a scroll of noise {unknown}
Potions
 j - a potion of cancellation {unknown}
 p - a potion of brilliance {unknown}
 u - a potion of flight {unknown}
 v - a potion of curing {unknown}
 C - 2 potions of mutation {unknown}
 E - a potion of magic {unknown}
 F - a potion of haste {unknown}
Comestibles
 d - 9 rations


   Skills:
 + Level 2.9 Fighting
 - Level 1.7 Throwing
 - Level 0.8 Armour
 - Level 2.6 Dodging
 + Level 7.7 Unarmed Combat


You had 6 spell levels left.
You didn't know any spells.

Dungeon Overview and Level Annotations

Branches:
Dungeon (7/15)             Temple (0/1) D:4

Altars:
Cheibriados
Fedhas
Gozag
Ru
Uskayaw
Vehumet
Yredelemnul

Annotations:
D:7 Joseph


Innate Abilities, Weirdness & Mutations

((You are partially covered in iridescent scales. (AC +2)))
You regenerate a little health from kills.
When hurt, damage is shared between your health and your magic reserves.
You regenerate magic rapidly.


Message History

Press: ? - help, Shift-Dir - straight line, f - you That beam is likely to hit you.
Continue anyway?
You turn into a sentient fungus.
Your +0 helmet melds into your body.
Your +0 pair of boots melds into your body.
Your +0 ring mail melds into your body.
You're too terrified to move while being watched!
Joseph shoots a sling bullet.
The sling bullet hits you.
Unknown command.
Joseph shoots a sling bullet.
The sling bullet barely misses you.
Joseph shouts, "At last, some action!"
Joseph shoots a sling bullet.
The sling bullet misses you.
Joseph shoots a sling bullet.
The sling bullet hits you!!
* * * LOW HITPOINT WARNING * * *
Joseph shoots a sling bullet.
The sling bullet misses you.
Joseph shoots a sling bullet.
The sling bullet completely misses you.
Joseph shoots a sling bullet.
The sling bullet closely misses you.
Your transformation is almost over.
Joseph shoots a sling bullet.
The sling bullet hits you!
* * * LOW HITPOINT WARNING * * *
You die...

#...... #.#...#
#.#.#.# #
#<#.#.##@####
#(#.#........
#####
#†#.#.##.####
#...# #......#.#
##...#####@##.#.#
#...........f...#
#.....####.##.(##
#.#......#.###.# #
#...##.#.###.###
#...<..#.......#
#...#########..#
#..............#
#........######..#
########.# #..#


You could see Joseph.

Vanquished Creatures
  Pikel (D:4)
  A black bear (D:7)
  A wyvern zombie (D:6)
  A scorpion (D:5)
  A worker ant (D:5)
  2 adders
  2 dart slugs
  A leopard gecko (D:1)
  4 orcs (D:5)
  A ball python (D:1)
  A giant cockroach (D:2)
  2 goblins
  2 hobgoblins (D:3)
  5 jackals
  3 bats
  A frilled lizard (D:4)
  3 kobolds
  5 rats
37 creatures vanquished.

Vanquished Creatures (others)
  An orc wizard (D:5)
  A worker ant (D:5)
2 creatures vanquished.

Grand Total: 39 creatures vanquished

Notes
Turn   | Place    | Note
-------+----------+-------------------------------------------
     0 | D:1      | letownia2 the Demonspawn Gladiator began the quest for the Orb.
     0 | D:1      | Reached XP level 1. HP: 16/16 MP: 1/1
   180 | D:1      | Reached skill level 3 in Unarmed Combat
   186 | D:1      | Gained mutation: You regenerate a little health from kills. [demonic ancestry]
   186 | D:1      | Reached XP level 2. HP: 5/22 MP: 2/2
   294 | D:2      | Found a blossoming altar of Fedhas.
   295 | D:2      | Found a radiant altar of Vehumet.
   296 | D:2      | Found a sacrificial altar of Ru.
   320 | D:2      | Found a basalt altar of Yredelemnul.
   331 | D:2      | Became a worshipper of Ru the Awakened
   566 | D:3      | Gained mutation: You are partially covered in iridescent scales. (AC +2) [demonic ancestry]
   566 | D:3      | Reached XP level 3. HP: 14/27 MP: 3/3
   639 | D:4      | Found a staircase to the Ecumenical Temple.
   677 | D:5      | Entered Level 5 of the Dungeon
   687 | D:5      | Noticed a slave
   688 | D:5      | Noticed Pikel
   688 | D:5      | Noticed a slave
   690 | D:5      | Noticed a slave
   691 | D:5      | Noticed a slave
   728 | D:4      | Killed Pikel
   728 | D:4      | Reached skill level 7 in Unarmed Combat
   728 | D:4      | Reached XP level 4. HP: 33/33 MP: 4/4
   728 | D:4      | Gained mutation: When hurt, damage is shared between your health and your magic reserves. [demonic ancestry]
   728 | D:4      | Reached XP level 5. HP: 38/38 MP: 5/5
   728 | D:4      | Gained mutation: You regenerate magic rapidly. [demonic ancestry]
   728 | D:4      | Reached XP level 6. HP: 44/44 MP: 6/6
   812 | D:5      | Found a hide-covered altar of Uskayaw.
   856 | D:5      | Found an opulent altar of Gozag.
   910 | D:5      | Reached XP level 7. HP: 50/50 MP: 7/7
   923 | D:6      | Found a snail-covered altar of Cheibriados.
  1032 | D:7      | Noticed Joseph
  1145 | D:7      | HP: 1/51 [Joseph/sling bullet (12)]
  1145 | D:7      | Shot with a sling bullet by Joseph

Skill      XL: |  1  2  3 |
---------------+----------+-----
Unarmed Combat | 3 7 |  7.7
Fighting       | |  2.9
Throwing       | |  1.7
Armour         | |  0.8
Dodging        | |  2.6

Action                   |  1- 3 |  4- 6 |  7- 9 || total
-------------------------+-------+-------+-------++-------
Melee: Unarmed           |    93 |    11 |    42 ||   146
 Fire: Blowgun           |     6 |       |     4 ||    10
Throw: Throwing net      |     1 |       |       ||     1
Invok: Reject Sacrifices |       |       |     1 ||     1
Evoke: Wand              |     2 |       |     2 ||     4
Armor: Ring mail         |    42 |     4 |    16 ||    62
       Leather armour    |     1 |       |       ||     1
       Skin              |     4 |       |     3 ||     7
Dodge: Dodged            |    61 |     3 |    47 ||   111
